 Dungeon Crawl Stone Soup version 0.21.1-1-g345015f (webtiles) character file.

42 inc the Shield-Bearer (level 3, -1/26 HPs)
             Began as an Octopode Fighter on Apr 26, 2018.
             Killed from afar by Natasha (10 damage)
             ... with a magic dart
             ... on level 2 of the Dungeon.
             The game lasted 00:01:06 (1095 turns).

inc the Shield-Bearer (Octopode Fighter)            Turns: 1095, Time: 00:01:07

Health: -1/26      AC:  1    Str: 15    XL:     3   Next: 54%
Magic:  3/3        EV: 11    Int: 11    God:
Gold:   80         SH:  9    Dex: 11    Spells: 2/2 levels left

rFire    . . .     SeeInvis .   h - +0 mace (holy)
rCold    + . .     Gourm    .   b - +0 shield
rNeg     . . .     Faith    .   (helmet restricted)
rPois    .         Spirit   .   (no amulet)
rElec    .         Reflect  .   f - ring of protection from cold
rCorr    .         Harm     .   (no ring)
MR       .....                  (no ring)
Stlth    ++........             (no ring)
HPRegen  0.08/turn              (no ring)
MPRegen  0.08/turn              (no ring)
                                (no ring)
                                (no ring)

@: no status effects
A: almost no armour, stealthy swim, amphibious, 8 rings, constrict 8, camouflage
1, gelatinous body 1
a: no special abilities


You were on level 2 of the Dungeon.
You were not hungry.

You visited 1 branch of the dungeon, and saw 2 of its levels.

You collected 80 gold pieces.

Inventory:

Hand Weapons
 a - a +0 flail
 h - a +0 mace of holy wrath (weapon)
Armour
 b - a +0 shield (worn)
Jewellery
 f - a ring of protection from cold (left tentacle)
Scrolls
 e - 4 scrolls of identify {unknown}
Potions
 c - a potion of might
 g - a potion of degeneration {unknown}
Comestibles
 d - 3 rations


   Skills:
 - Level 3.0 Fighting
 + Level 3.0 Maces & Flails
 - Level 3.0 Dodging
 + Level 3.8 Shields


You had 2 spell levels left.
You didn't know any spells.

Dungeon Overview and Level Annotations

Branches:
Dungeon (2/15)

Altars:

Annotations:
D:2 Natasha


Innate Abilities, Weirdness & Mutations

You cannot wear most types of armour.
You are very stealthy in the water. (Stealth+)
You are amphibious.
You can wear up to eight rings at the same time.
You can use your tentacles to constrict eight enemies at once.
Your skin changes colour to match your surroundings (Stealth+).
Your rubbery body absorbs attacks. (AC +1, EV +1)


Message History

You sock the frilled lizard!
You kill the frilled lizard!
You hit Natasha. You grab Natasha. Your squeeze misses Natasha.
Natasha is lightly wounded.
You constrict Natasha. Natasha misses you.
You hit Natasha. You squeeze Natasha, but do no damage.
Natasha is moderately wounded.
You constrict Natasha. Natasha casts a spell at you. The magic dart hits you!
There are monsters nearby!
Your shield prevents you from hitting Natasha.
Your squeeze misses Natasha.
Natasha is heavily wounded.
You constrict Natasha. Natasha casts a spell at you. The magic dart hits you!
Natasha casts a spell at you. The magic dart hits you!
You die...

## ##......#### #..
............ #######.###
#>.#.#.#.#. ..........#
#.........
.........[#####(#.#.#.#.
........................
s.........#####.#.#.#.#.
............##....รท.....
......h@........#.#.#.#.
.........<..............
.............######...#.
.............# ##....
.##......!...# ###..
#.#........# ###
..#..##.?.... .. ...
.....#. . #......
#..#####


You could see Natasha and a giant cockroach (sleeping).

Vanquished Creatures
  A gnoll (D:1)
  A dart slug (D:1)
  A leopard gecko (D:2)
  3 goblins
  3 hobgoblins (D:1)
  4 jackals (D:1)
  4 bats
  A frilled lizard (D:2)
  3 kobolds (D:1)
  7 rats
28 creatures vanquished.

Notes
Turn   | Place    | Note
-------+----------+-------------------------------------------
     0 | D:1      | inc the Octopode Fighter began the quest for the Orb.
     0 | D:1      | Reached XP level 1. HP: 16/16 MP: 1/1
    82 | D:1      | Reached XP level 2. HP: 16/21 MP: 2/2
   582 | D:1      | Reached XP level 3. HP: 24/26 MP: 3/3
  1089 | D:2      | Noticed Natasha
  1095 | D:2      | Killed from afar by Natasha

Skill      XL: |  1  2  3 |
---------------+----------+-----
Maces & Flails | 3 |  3.0
Fighting       | |  3.0
Dodging        | |  3.0
Shields        | |  3.8

Action                   || total
-------------------------++-------
Melee: Flail             ||    51
       Constrict         ||    14
       Tentacles         ||     9
       Mace              ||     7
 Stab: Sleeping          ||     2
  Eat: Chunk             ||     1
Armor: Skin              ||     5
Dodge: Dodged            ||    23
Block: Shield            ||    27
